MLB
BOSTON RED SOX @ TAMPA BAY RAYS
08/09/2020
 
TOP OF THE 1ST
Boston Red Sox batting - Pitching for Tampa Bay Rays : RHP Marcus Stroman
Pitching: RHP Marcus Stroman
Batting: LHB Joe Panik 0-0: SINGLE (Line Drive, 56, EV 110.6 MPH)
Batting: RHB Mike Trout 0-0: Foul Ball, location: 2F
0-1: Ball
1-1: Swinging Strike
1-2: Foul Ball, location: 2F
1-2: Ball
2-2: Ground out 5-3 (Groundball, 56S, EV 66.9 MPH)
Joe Panik to second
Batting: RHB Xander Bogaerts 0-0: Called Strike
0-1: SINGLE (Groundball, 34D, EV 96.9 MPH)
Joe Panik to third
Runner from 3rd tries for Home, SAFE, throw by RF to home
Batting: RHB Ian Desmond 0-0: Ball
1-0: Ball
2-0: Ball
3-0: Base on Balls
Xander Bogaerts to second
Batting: RHB Wilson Ramos 0-0: Ball
1-0: Ball
2-0: Called Strike
2-1: Swinging Strike
2-2: SINGLE (Groundball, 6D, EV 98.8 MPH)
Xander Bogaerts to third
Ian Desmond to second
Batting: LHB Zach McKinstry 0-0: Ball
1-0: Called Strike
1-1: Called Strike
1-2: Grounds into fielders choice 1-2 (Groundball, 13S, EV 68.1 MPH)
Ian Desmond to third
Wilson Ramos to second
Batting: SHB Willi Castro 0-0: Called Strike
0-1: Foul Ball, location: 2F
0-2: Fly out, F6 (Popup, 6S, EV 83.1 MPH)
Top of the 1st over - 1 run, 3 hits, 0 errors, 3 left on base; Boston 1 - Tampa Bay 0
BOTTOM OF THE 1ST
Tampa Bay Rays batting - Pitching for Boston Red Sox : RHP Alejandro Requena
Pitching: RHP Alejandro Requena
Batting: LHB Kevin Kiermaier 0-0: Ball
1-0: Foul Ball, location: 2F
1-1: Foul Ball, location: 2F
1-2: Fly out, F9 (Line Drive, 9D, EV 99.4 MPH)
Batting: RHB Starlin Castro 0-0: Foul Ball, location: 2F
0-1: Fly out, F8 (Flyball, 8RXD, EV 100.6 MPH)
Batting: RHB Matt Chapman 0-0: Called Strike
0-1: Ball
1-1: DOUBLE (Line Drive, 89XD, EV 100.0 MPH)
Batting: RHB Miguel Sano 0-0: Foul Ball, location: 2F
0-1: Foul Ball, location: 2F
0-2: Foul Ball, location: 2F
0-2: Foul Ball, location: 2F
0-2: Foul Ball, location: 2F
0-2: Foul Ball, location: 2F
0-2: Ball
1-2: Ball
2-2: DOUBLE (Line Drive, 9LM, EV 102.5 MPH)
Matt Chapman scores
Batting: SHB Aaron Hicks 0-0: Ball
1-0: Called Strike
1-1: Swinging Strike
1-2: Ball
2-2: Ball
3-2: Foul Ball, location: 2F
3-2: Foul Ball, location: 2F
3-2: Base on Balls
Batting: RHB Mark Canha 0-0: Swinging Strike
0-1: Ball
1-1: Fly out, F8 (Line Drive, 8LM, EV 103.8 MPH)
Bottom of the 1st over - 1 run, 2 hits, 0 errors, 2 left on base; Boston 1 - Tampa Bay 1
TOP OF THE 2ND
Boston Red Sox batting - Pitching for Tampa Bay Rays : RHP Marcus Stroman
Batting: SHB Kaleb Cowart 0-0: Bunt - Flyout to 13! F1
Batting: RHB Juan Lagares 0-0: Ball
1-0: Foul Ball, location: 2F
1-1: Foul Ball, location: 2F
1-2: Ball
2-2: Ball
3-2: SINGLE (Groundball, 34S, EV 65.0 MPH) (infield hit)
Batting: LHB Joe Panik 0-0: Ball
1-0: Ball
2-0: Foul Ball, location: 2F
2-1: Ball
3-1: Fielders Choice at 2nd, 1-6 (Groundball, 34S, EV 71.9 MPH)
Batting: RHB Mike Trout 0-0: Ball
1-0: Foul Ball, location: 2F
1-1: Ball
2-1: Called Strike
Joe Panik steals 2nd base
2-2: Strikes out swinging
Top of the 2nd over - 0 runs, 1 hit, 0 errors, 1 left on base; Boston 1 - Tampa Bay 1
BOTTOM OF THE 2ND
Tampa Bay Rays batting - Pitching for Boston Red Sox : RHP Alejandro Requena
Batting: LHB Brandon Belt 0-0: Called Strike
0-1: Foul Ball, location: 2F
0-2: Ball
1-2: Strikes out swinging
Batting: RHB Buster Posey 0-0: Ball
1-0: Ball
2-0: Foul Ball, location: 2F
2-1: Ball
3-1: Swinging Strike
3-2: Fly out, F9 (Flyball, 9LM, EV 85.0 MPH)
Batting: RHB Jose Iglesias 0-0: Ball
1-0: Ball
2-0: Called Strike
2-1: SINGLE (Groundball, 4S, EV 65.6 MPH) (infield hit)
Batting: LHB Kevin Kiermaier 0-0: Ball
1-0: Reached on error, E6 (Groundball, 6M, EV 85.6 MPH)
Jose Iglesias to second
Batting: RHB Starlin Castro 0-0: Fly out, F8 (Flyball, 78M, EV 80.6 MPH)
Bottom of the 2nd over - 0 runs, 1 hit, 1 error, 2 left on base; Boston 1 - Tampa Bay 1
TOP OF THE 3RD
Boston Red Sox batting - Pitching for Tampa Bay Rays : RHP Marcus Stroman
Batting: RHB Xander Bogaerts 0-0: Ball
1-0: Called Strike
1-1: Fly out, F7 (Flyball, 7D, EV 101.3 MPH)
Batting: RHB Ian Desmond 0-0: Ball
1-0: Ball
2-0: Ball
3-0: Base on Balls
Batting: RHB Wilson Ramos 0-0: Ball
1-0: Called Strike
1-1: Swinging Strike
1-2: Foul Ball, location: 2F
1-2: Strikes out swinging
Batting: LHB Zach McKinstry 0-0: Ball
1-0: Called Strike
1-1: Called Strike
1-2: Ball
Ian Desmond steals 2nd base
2-2: Strikes out swinging
Top of the 3rd over - 0 runs, 0 hits, 0 errors, 1 left on base; Boston 1 - Tampa Bay 1
BOTTOM OF THE 3RD
Tampa Bay Rays batting - Pitching for Boston Red Sox : RHP Alejandro Requena
Batting: RHB Matt Chapman 0-0: Foul Ball, location: 2F
0-1: Ball
1-1: Ball
2-1: Swinging Strike
2-2: Foul Ball, location: 2F
2-2: Foul Ball, location: 2F
2-2: Strikes out looking
Batting: RHB Miguel Sano 0-0: Fly out, F3 (Flyball, 3D, EV 89.4 MPH)
Batting: SHB Aaron Hicks 0-0: Ground out 4-3 (Groundball, 4, EV 89.4 MPH)
Bottom of the 3rd over - 0 runs, 0 hits, 0 errors, 0 left on base; Boston 1 - Tampa Bay 1
TOP OF THE 4TH
Boston Red Sox batting - Pitching for Tampa Bay Rays : RHP Marcus Stroman
Batting: SHB Willi Castro 0-0: Ball
1-0: Ball
2-0: Ground out 6-3 (Groundball, 56, EV 87.5 MPH)
Batting: SHB Kaleb Cowart 0-0: Swinging Strike
0-1: Ground out U3 (Groundball, 3, EV 83.1 MPH)
Batting: RHB Juan Lagares 0-0: Called Strike
0-1: Ball
1-1: Ball
2-1: Ball
3-1: Bunt for hit to 13 - play at first, batter OUT! 1-3
Top of the 4th over - 0 runs, 0 hits, 0 errors, 0 left on base; Boston 1 - Tampa Bay 1
BOTTOM OF THE 4TH
Tampa Bay Rays batting - Pitching for Boston Red Sox : RHP Alejandro Requena
Batting: RHB Mark Canha 0-0: Called Strike
0-1: Ball
1-1: Foul Ball, location: 2F
1-2: Ball
2-2: SINGLE (Flyball, 78S, EV 91.9 MPH)
Batting: LHB Brandon Belt 0-0: Called Strike
0-1: Fielders Choice at 2nd, 1-6 (Groundball, 13S, EV 60.6 MPH)
Batting: RHB Buster Posey 0-0: Swinging Strike
0-1: Ball
1-1: Foul Ball, location: 2F
1-2: Strikes out looking
Batting: RHB Jose Iglesias 0-0: Fly out, F9 (Flyball, 9LD, EV 106.3 MPH)
Bottom of the 4th over - 0 runs, 1 hit, 0 errors, 1 left on base; Boston 1 - Tampa Bay 1
TOP OF THE 5TH
Boston Red Sox batting - Pitching for Tampa Bay Rays : RHP Marcus Stroman
Batting: LHB Joe Panik 0-0: Ball
1-0: Ball
2-0: Foul Ball, location: 2F
2-1: Called Strike
2-2: Strikes out swinging
Batting: RHB Mike Trout 0-0: Foul Ball, location: 2F
0-1: Ground out 4-3 (Groundball, 4S, EV 83.1 MPH)
Batting: RHB Xander Bogaerts 0-0: Ball
1-0: Foul Ball, location: 2F
1-1: Swinging Strike
1-2: Foul Ball, location: 2F
1-2: SINGLE (Line Drive, 7S, EV 106.9 MPH)
Batting: RHB Ian Desmond 0-0: Called Strike
0-1: Foul Ball, location: 2F
0-2: Ball
1-2: SINGLE (Line Drive, 4D, EV 107.5 MPH)
Xander Bogaerts to second
Runner from 2nd tries for 3rd, SAFE, throw by RF made to third
Batting: RHB Wilson Ramos 0-0: Ball
1-0: Fielders Choice at 2nd, 6-4 (Groundball, 6, EV 100.0 MPH)
Top of the 5th over - 0 runs, 2 hits, 0 errors, 2 left on base; Boston 1 - Tampa Bay 1
BOTTOM OF THE 5TH
Tampa Bay Rays batting - Pitching for Boston Red Sox : RHP Alejandro Requena
Batting: LHB Kevin Kiermaier 0-0: Called Strike
0-1: Swinging Strike
0-2: Foul Ball, location: 2F
0-2: Strikes out swinging
Batting: RHB Starlin Castro 0-0: Ground out 5-3 (Groundball, 5L, EV 81.3 MPH)
Batting: RHB Matt Chapman 0-0: Ground out 4-3 (Groundball, 6M, EV 100.6 MPH)
Bottom of the 5th over - 0 runs, 0 hits, 0 errors, 0 left on base; Boston 1 - Tampa Bay 1
TOP OF THE 6TH
Boston Red Sox batting - Pitching for Tampa Bay Rays : RHP Marcus Stroman
Batting: LHB Zach McKinstry 0-0: Called Strike
0-1: Foul Ball, location: 2F
0-2: Ground out 6-3 (Groundball, 6M, EV 83.8 MPH)
Batting: SHB Willi Castro 0-0: DOUBLE (Line Drive, 7LS, EV 101.9 MPH)
Batting: SHB Kaleb Cowart 0-0: Called Strike
0-1: Ball
1-1: Ball
2-1: Foul Ball, location: 2F
2-2: Ball
3-2: SINGLE (Groundball, 6MD, EV 97.5 MPH)
Willi Castro to third
Pitching: LHP Sean Doolittle
Batting: RHB Juan Lagares 0-0: Called Strike
0-1: Ball
1-1: Ball
2-1: Ball
3-1: Fielders Choice at 2nd, 4-6 (Groundball, 4S, EV 83.8 MPH)
Willi Castro scores
Batting: LHB Joe Panik 0-0: Swinging Strike
0-1: Foul Ball, location: 2F
0-2: Ball
1-2: Reached on error, E6 (Groundball, 6, EV 107.5 MPH)
Juan Lagares to third
Batting: RHB Mike Trout 0-0: Ball
1-0: Foul Ball, location: 2F
1-1: Fly out, F9 (Flyball, 9LS, EV 76.9 MPH)
Top of the 6th over - 1 run, 2 hits, 1 error, 2 left on base; Boston 2 - Tampa Bay 1
BOTTOM OF THE 6TH
Tampa Bay Rays batting - Pitching for Boston Red Sox : RHP Alejandro Requena
Batting: RHB Miguel Sano 0-0: Ball
1-0: Swinging Strike
1-1: Swinging Strike
1-2: Strikes out swinging
Batting: SHB Aaron Hicks 0-0: Ground out U3 (Groundball, 34, EV 89.4 MPH)
Batting: RHB Mark Canha 0-0: Fly out, F7 (Flyball, 7S, EV 85.6 MPH)
Bottom of the 6th over - 0 runs, 0 hits, 0 errors, 0 left on base; Boston 2 - Tampa Bay 1
TOP OF THE 7TH
Boston Red Sox batting - Pitching for Tampa Bay Rays : LHP Sean Doolittle
Batting: RHB Xander Bogaerts 0-0: Called Strike
0-1: Ball
1-1: Fly out, F9 (Flyball, 9, EV 95.6 MPH)
Batting: RHB Ian Desmond 0-0: Called Strike
0-1: Ball
1-1: DOUBLE (Line Drive, 78D, EV 107.5 MPH)
Batting: RHB Wilson Ramos 0-0: Ball
1-0: Called Strike
Ian Desmond is caught stealing 3rd base 2-5
1-1: Ground out 5-3 (Groundball, 5S, EV 87.5 MPH)
Top of the 7th over - 0 runs, 1 hit, 0 errors, 0 left on base; Boston 2 - Tampa Bay 1
BOTTOM OF THE 7TH
Tampa Bay Rays batting - Pitching for Boston Red Sox : RHP Alejandro Requena
Pitching: LHP Sam Selman
Batting: LHB Brandon Belt 0-0: Ball
1-0: Foul Ball, location: 2F
1-1: Ground out 4-3 (Groundball, 4, EV 79.4 MPH)
Batting: RHB Buster Posey 0-0: Called Strike
0-1: Foul Ball, location: 2F
0-2: Ball
1-2: Strikes out swinging
Batting: RHB Jose Iglesias 0-0: Called Strike
0-1: SOLO HOME RUN (Line Drive, 7D, EV 100.6 MPH), Distance : 394 ft
Batting: LHB Kevin Kiermaier 0-0: Called Strike
0-1: Swinging Strike
0-2: Fly out, F7 (Flyball, 7, EV 92.5 MPH)
Bottom of the 7th over - 1 run, 1 hit, 0 errors, 0 left on base; Boston 2 - Tampa Bay 2
TOP OF THE 8TH
Boston Red Sox batting - Pitching for Tampa Bay Rays : LHP Sean Doolittle
Pitching: RHP Tyler Rogers
Batting: LHB Zach McKinstry 0-0: Called Strike
0-1: Ball
1-1: Foul Ball, location: 2F
1-2: Foul Ball, location: 2F
1-2: Foul Ball, location: 2F
1-2: Strikes out swinging
Batting: SHB Willi Castro 0-0: Ball
1-0: Called Strike
1-1: Ground out 4-3 (Groundball, 4S, EV 81.3 MPH)
Batting: SHB Kaleb Cowart 0-0: Ball
1-0: Foul Ball, location: 2F
1-1: Foul Ball, location: 2F
1-2: Fly out, F6 (Popup, 6S, EV 85.0 MPH)
Top of the 8th over - 0 runs, 0 hits, 0 errors, 0 left on base; Boston 2 - Tampa Bay 2
BOTTOM OF THE 8TH
Tampa Bay Rays batting - Pitching for Boston Red Sox : LHP Sam Selman
Pitching: RHP Connor Sadzeck
Batting: RHB Starlin Castro 0-0: Fly out, F7 (Line Drive, 7D, EV 88.8 MPH)
Batting: RHB Matt Chapman 0-0: Called Strike
0-1: Swinging Strike
0-2: Ball
1-2: Ground out 3-1 (Groundball, 34, EV 91.9 MPH)
Batting: RHB Miguel Sano 0-0: Swinging Strike
0-1: Ball
1-1: Foul Ball, location: 2F
1-2: Ball
2-2: Foul Ball, location: 2F
2-2: Foul Ball, location: 2F
2-2: Ball
3-2: Strikes out swinging
Bottom of the 8th over - 0 runs, 0 hits, 0 errors, 0 left on base; Boston 2 - Tampa Bay 2
TOP OF THE 9TH
Boston Red Sox batting - Pitching for Tampa Bay Rays : RHP Tyler Rogers
Pitching: RHP Ken Giles
Batting: RHB Juan Lagares 0-0: Called Strike
0-1: Swinging Strike
0-2: Ball
1-2: Strikes out looking
Batting: LHB Joe Panik 0-0: Ball
1-0: Called Strike
1-1: Called Strike
1-2: Ball
2-2: Foul Ball, location: 2F
2-2: SINGLE (Groundball, 4MD, EV 104.4 MPH)
Batting: RHB Mike Trout 0-0: Called Strike
0-1: Foul Ball, location: 2F
0-2: Ball
1-2: Foul Ball, location: 2F
1-2: Strikes out swinging
Batting: RHB Xander Bogaerts 0-0: Called Strike
0-1: Called Strike
0-2: Strikes out swinging
Top of the 9th over - 0 runs, 1 hit, 0 errors, 1 left on base; Boston 2 - Tampa Bay 2
BOTTOM OF THE 9TH
Tampa Bay Rays batting - Pitching for Boston Red Sox : RHP Connor Sadzeck
Pitching: RHP Kyle Keller
Batting: SHB Aaron Hicks 0-0: Ball
1-0: Ball
2-0: Called Strike
2-1: Swinging Strike
2-2: Foul Ball, location: 2F
2-2: Ball
3-2: Foul Ball, location: 2F
3-2: Base on Balls
Batting: RHB Mark Canha 0-0: Called Strike
0-1: Ball
1-1: Ball
2-1: Ball
3-1: Foul Ball, location: 2F
Balk!
Aaron Hicks to second
3-2: Strikes out looking
Batting: LHB Brandon Belt 0-0: Intentional Walk
Pinch Hitting: LHB Mike Yastrzemski 0-0: Ball
1-0: Ball
2-0: Ball
3-0: Called Strike
3-1: Base on Balls
Aaron Hicks to third
Brandon Belt to second
Pitching: RHP Craig Kimbrel
Batting: RHB Jose Iglesias 0-0: Ball
1-0: Swinging Strike
1-1: Fly out, F8 (Flyball, 8RM, EV 88.8 MPH)
Runner from 3rd tags up, SCORES, no throw by CF
Bottom of the 9th over - 1 run, 0 hits, 0 errors, 0 left on base; Boston 2 - Tampa Bay 3
Tuesday, October 6th, 2020 - OOTP Baseball 21.6 Build 83